Map: Abiogenesis LE

Players

MontyBot

  • Race: Terran Terran
  • Spawn Location: 5:00

CinDra - Winner!

  • Race: Zerg Zerg
  • League: Gold
  • Spawn Location: 11:00

VOD

Have the link to the VOD?

Description

Time

  • Played on: March 6, 2018, 9:50 p.m.
  • Length: 18:05
Show
View Real Time Build Order
Export as new Build Order

MontyBot Terran 

Build Orders: Mech 

Get SALT Encoding   

  12  0:01  SCV  
  13  0:13  SCV  
  14  0:18  Supply Depot  
  14  0:25  SCV  
  15  0:28  Refinery  
  15  0:42  Barracks  
  15  0:46  SCV  
  16  0:58  SCV  
  17  1:10  SCV  
  18  1:22  SCV  
  19  1:29  Barracks Reactor  
  19  1:34  Orbital Command  
  19  1:47  Command Center  
  19  1:58  Supply Depot  
  19  2:00  SCV  
  20  2:05  Marine x2  
  22  2:12  SCV  
  23  2:19  Factory  
  23  2:24  SCV  
  24  2:32  Marine, Refinery  
  24  2:33  Marine  
  24  2:36  SCV  
  27  2:49  SCV  
  28  2:51  Marine  
  28  2:52  Marine  
  30  3:06  Orbital Command  
  30  3:08  SCV  
  30  3:10  Marine x2  
  30  3:11  Factory Tech Lab  
  33  3:14  Factory  
  33  3:20  SCV  
  34  3:28  Marine x2  
  36  3:38  SCV x2  
  38  3:41  Supply Depot  
  38  3:43  Refinery  
  38  3:48  Siege Tank  
  41  3:50  SCV  
  41  3:54  SCV  
  43  3:58  Factory Tech Lab  
  43  4:02  SCV  
  44  4:06  SCV  
  45  4:14  SCV, Refinery  
  45  4:16  Supply Depot  
  46  4:18  SCV  
  46  4:20  Siege Tank  
  50  4:40  Supply Depot  
  50  4:46  SCV x2  
  50  4:52  Siege Tank  
  55  4:55  Siege Tank  
  55  4:58  SCV x2  
  60  5:11  Supply Depot  
  60  5:12  Command Center  
  60  5:24  Siege Tank, SCV x2  
  60  5:27  Siege Tank  
  68  5:36  SCV x2  
  70  5:53  Supply Depot  
  70  5:56  Siege Tank  
  70  5:57  Factory  
  73  5:59  Armory  
  73  6:01  Armory  
  73  6:03  SCV x2  
  75  6:11  Siege Tank  
  75  6:15  SCV x2  
  80  6:26  Refinery  
  80  6:28  Supply Depot  
  80  6:29  Orbital Command  
  80  6:31  SCV x2  
  82  6:41  Factory Tech Lab  
  82  6:42  Factory  
  82  6:43  SCV x2  
  82  6:46  Factory  
  84  6:53  Supply Depot, Refinery  
  84  6:55  SCV x2  
  84  6:56  SCV  
  87  7:09  SCV x2  
  87  7:10  SCV  
  87  7:14  Thor  
  87  7:15  Thor x2  
  102  7:20  Terran Vehicle Weapons Level 1  
  102  7:21  SCV x2, Terran Vehicle And Ship Armor Level 1  
  102  7:22  SCV  
  111  7:33  SCV  
  111  7:34  SCV x2  
  111  7:36  Factory Tech Lab  
  114  7:42  Supply Depot  
  114  7:45  SCV  
  115  7:52  Factory  
  115  8:03  Thor  
  121  8:11  Supply Depot  
  121  8:22  SCV x3  
  123  8:34  SCV  
  124  8:45  Supply Depot  
  124  8:57  Engineering Bay  
  121  9:04  Thor  
  121  9:06  Thor  
  130  9:24  Siege Tank  
  133  9:31  Supply Depot  
  130  9:44  Factory Tech Lab  
  130  9:47  Starport, Siege Tank  
  136  9:52  Siege Tank  
  136  9:54  Missile Turret  
  136  9:56  Siege Tank  
  139  10:12  Missile Turret  
  139  10:18  Command Center  
  139  10:25  Starport  
  139  10:32  Missile Turret  
  139  10:40  Thor  
  133  10:43  Thor  
  133  10:44  Thor, Siege Tank  
  133  10:45  Siege Tank  
  114  10:52  Starport Reactor  
  93  11:41  SCV x2  
  93  11:44  Planetary Fortress  
  93  11:45  Refinery  
  95  11:48  Thor x2  
  95  11:49  Thor  
  95  11:50  Siege Tank x2  
  119  11:54  Starport Reactor  
  119  11:55  Viking x2  
  123  12:10  Refinery  
  123  12:18  Starport  
  123  12:22  Siege Tank x2  
  129  12:38  Supply Depot  
  129  12:41  Supply Depot  
  129  12:42  Supply Depot  
  129  12:44  Command Center  
  129  12:54  Starport  
  129  13:03  Viking x4  
  131  13:07  Starport Tech Lab  
  131  13:13  Siege Tank x5  
  145  13:42  Supply Depot  
  145  13:43  Supply Depot  
  145  13:50  Supply Depot  
  145  13:56  Thor, Siege Tank  
  154  14:03  Thor  
  154  14:04  Planetary Fortress, Supply Depot, Siege Tank x2  
  154  14:09  Supply Depot  
  166  14:10  Supply Depot  
  166  14:16  Supply Depot  
  166  14:35  Thor  
  166  14:36  Thor  
  178  14:47  Factory Tech Lab  
  118  15:30  Cyclone x2  
  118  15:31  Cyclone x2  
  118  15:34  Hellbat  
  126  15:46  Refinery  
  117  15:50  Starport Tech Lab  
  117  15:54  Fusion Core  
  117  15:55  Hellbat  
  119  16:02  Thor x2, Hellbat  
  133  16:11  Refinery  
  68  17:02  Siege Tank x2  
  68  17:03  Siege Tank x3  
  83  17:15  Viking x3  
  99  17:16  Viking  
Show
View Real Time Build Order
Export as new Build Order

CinDra Zerg - Winner!

Build Orders: Hatch First, Muta Ling Bane 

Get SALT Encoding   

  12  0:01  Drone  
  13  0:12  Overlord  
  13  0:17  Drone  
  14  0:31  Drone x2  
  14  0:34  Drone  
  17  0:56  Drone, Hatchery  
  17  1:00  Drone  
  18  1:05  Extractor  
  17  1:18  Spawning Pool  
  16  1:19  Drone  
  16  1:22  Drone  
  18  1:30  Drone  
  19  1:38  Overlord  
  19  1:51  Drone  
  20  2:05  Queen  
  20  2:06  Zergling x2  
  23  2:09  Metabolic Boost  
  23  2:14  Zergling x4, Queen  
  27  2:24  Drone x2  
  27  2:29  Drone  
  30  2:56  Drone x3, Hatchery  
  30  2:57  Drone x2  
  34  3:03  Overlord  
  34  3:08  Overlord  
  34  3:21  Queen  
  36  3:27  Drone  
  36  3:28  Drone x5  
  36  3:32  Overlord  
  42  3:40  Queen  
  44  3:48  Baneling Nest  
  44  3:55  Drone x5  
  48  4:10  Drone x7  
  52  4:41  Extractor  
  52  4:44  Extractor  
  50  4:46  Extractor  
  49  5:06  Drone x8  
  49  5:07  Drone  
  58  5:08  Overlord  
  58  5:09  Overlord x3  
  58  5:12  Lair  
  58  5:16  Extractor  
  58  5:17  Extractor  
  58  5:20  Drone x2  
  58  5:59  Drone  
  58  6:00  Drone  
  58  6:01  Drone x7  
  58  6:03  Zergling x18  
  76  6:10  Centrifical Hooks  
  76  6:14  Spire  
  75  6:22  Drone x3  
  75  6:23  Drone x5  
  75  6:24  Zergling x2  
  75  6:25  Zergling x4  
  86  6:28  Baneling x2  
  86  6:29  Baneling x3  
  86  6:30  Baneling x4  
  86  6:31  Baneling  
  86  6:32  Zergling x2  
  87  6:50  Zergling x6, Overlord  
  87  6:51  Overlord x8  
  90  7:02  Evolution Chamber  
  90  7:04  Drone  
  90  7:05  Evolution Chamber, Drone  
  90  7:27  Mutalisk x4  
  90  7:28  Mutalisk x8  
  114  7:31  Zergling x2  
  114  7:32  Zergling x6  
  114  7:34  Zerg Melee Weapons Level 1  
  118  7:40  Hatchery  
  117  7:52  Hatchery  
  116  7:59  Mutalisk x4  
  124  8:08  Zerg Ground Armor Level 1  
  124  8:24  Drone  
  124  8:25  Drone x10  
  133  8:50  Zergling x2  
  133  8:51  Zergling x18  
  139  9:05  Mutalisk  
  139  9:06  Mutalisk x5  
  147  9:28  Mutalisk x6  
  147  9:29  Mutalisk  
  153  9:34  Queen  
  155  9:49  Drone x3  
  155  9:50  Drone x2  
  155  9:51  Mutalisk x3, Extractor  
  155  9:52  Mutalisk  
  167  9:53  Extractor  
  167  9:59  Infestation Pit  
  165  10:05  Zerg Missile Weapons Level 1  
  165  10:18  Drone x2  
  165  10:20  Hydralisk Den  
  114  10:52  Mutalisk x8  
  114  10:53  Zergling x2  
  114  10:54  Zergling x34  
  148  11:03  Mutalisk x2  
  121  11:28  Zergling x2  
  121  11:29  Zergling x24  
  121  11:31  Mutalisk  
  121  11:32  Mutalisk x5  
  131  11:50  Hatchery  
  131  11:51  Zergling x16  
  131  11:52  Zergling x2  
  131  11:54  Zerg Ground Armor Level 2  
  139  11:56  Zerg Flyer Weapons Level 1  
  139  11:57  Grooved Spines  
  139  11:59  Hydralisk x3  
  145  12:07  Hydralisk x3  
  151  12:11  Zergling x22  
  151  12:12  Zergling x2  
  151  12:13  Lair  
  163  12:40  Zerg Missile Weapons Level 2  
  163  12:42  Hydralisk x5  
  173  12:50  Overlord x2  
  173  12:51  Overlord x14  
  173  13:09  Hydralisk, Muscular Augments  
  173  13:10  Hydralisk x12  
  197  13:31  Hydralisk x5  
  197  13:32  Hydralisk x6  
  190  13:48  Hive  
  190  13:50  Zerg Flyer Armor Level 1  
  190  14:07  Hydralisk  
  190  14:08  Hydralisk x4  
  200  14:13  Pneumatized Carapace  
  200  14:27  Zerg Melee Weapons Level 2  
  147  15:30  Hydralisk x15  
  147  15:31  Hydralisk x13  
  170  15:48  Hydralisk  
  170  15:49  Hydralisk x16  
  200  16:09  Hatchery  
  157  16:40  Hydralisk x3  
  157  16:41  Hydralisk x12  
  169  17:03  Hydralisk x8  
  169  17:04  Hydralisk x2  
  175  17:31  Hydralisk x2  
  175  17:32  Hydralisk x7  
Tags
 
League
Gold
Matchup
TvZ
Spawn Locations
Cross Positions
Add a new tag
Caveats
  • Supply blocks, unpowered buildings, or Contaminate may cause inaccurate times.
  • Supply counts are checked every 10 seconds.